 Dungeon Crawl Stone Soup version 0.31-a0-846-gb3bcc0d938 (webtiles) character file.

Game seed: 5255346208137601668

3243 Gladio the Mimic (level 9, 0/41 (43) HPs)
             Began as a Felid Shapeshifter on Oct 4, 2023.
             Was a Follower of Trog.
             Slain by Jeremiah
             ... wielding a +2 trident of draining
              (8 damage)
             ... on level 7 of the Dungeon.
             The game lasted 00:19:40 (6725 turns).

Gladio the Mimic (Felid Shapeshifter)               Turns: 6725, Time: 00:19:41

HP:   0/41 (43)     AC:  2    Str: 10    XL:     9   Next: 67%
MP:   10/10         EV: 22    Int: 12    God:    Trog [*.....]
Gold: 432           SH:  0    Dex: 19    Spells: 8/8 levels left
                                        Lives: 0   Deaths: 3

rFire   . .          .
                       - Unarmed
rCold   . . .        (shield unavailable)
rNeg    . . .        (body armour unavailable)
rPois   .            (helmet unavailable)
rElec   .            (cloak unavailable)
rCorr   .            (gloves unavailable)
SInv    +            (boots unavailable)
Will    +....        v - amulet of regeneration
Stlth   +            (no ring)
HPRegen 1.06/turn    (no ring)
MPRegen 0.12/turn

%: no passive effects
@: flux-form, on berserk cooldown, slowed, glowing, lightly drained, slow
A: glow, contaminating, very small, claws 1, fangs 3, see invisible, speed 1,
shaggy fur 2, stealthy paws, no weapons or thrown items, no armour, multi-lived
a: Begin Untransformation, Renounce Religion, Berserk


You were on level 7 of the Dungeon.
You worshipped Trog.
Trog was aware of your devotion.
You were something dangerously unstable.
You visited 2 branches of the dungeon, and saw 9 of its levels.

You collected 432 gold pieces.

Inventory:

Armour
 z - an orb of wrath
Jewellery
 v - an amulet of regeneration (around neck)
Talismans
 b - a beast talisman
 c - a flux talisman (active)
 f - a flux talisman (active)
Wands
 l - a wand of iceblast (3)
Scrolls
 g - 2 scrolls of enchant weapon
 i - a scroll of immolation {unknown}
 m - a scroll of fog
 n - a scroll of torment {unknown}
 q - a scroll of acquirement {unknown}
 r - a scroll of revelation {unknown}
 u - a scroll of identify
 w - a scroll of brand weapon {unknown}
 x - a scroll of noise {unknown}
 y - a scroll of vulnerability {unknown}
 A - a scroll of enchant armour {unknown}
 B - a scroll of amnesia {unknown}
Potions
 a - a potion of haste {unknown}
 d - a potion of enlightenment {unknown}
 e - a potion of mutation {unknown}
 h - 2 potions of magic
 j - 2 potions of brilliance
 k - 7 potions of curing
 o - a potion of attraction {unknown}
 p - a potion of ambrosia {unknown}
 s - 2 potions of heal wounds {unknown}
 t - a potion of lignification


   Skills:
 * Level 7.4 Fighting
 + Level 7.3 Dodging
 * Level 8.0 Unarmed Combat
 * Level 8.0 Shapeshifting


You had 8 spell levels left.
You didn't know any spells.
Your spell library contained the following spells:

 Spells                   Type           Power      Damage    Failure   Level
 Sandblast                Erth           0%         2d4       32%         1
 Passwall                 Tmut/Erth      0%         N/A       45%         2
 Frozen Ramparts          Ice            0%         1d1       69%         3
 Stone Arrow              Conj/Erth      0%         3d7       69%         3
 Brom's Barrelling Bould  Conj/Erth      0%         2d3       97%         4
 Petrify                  Tmut/Erth      0%         N/A       97%         4
 Metabolic Englaciation   Hex/Ice        0%         N/A       100%        5


Dungeon Overview and Level Annotations

Branches:
Dungeon (8/15)             Temple (1/1) D:4
   Lair: D:8-11

Altars:
Ashenzari
Cheibriados
Dithmenos
Elyvilon
Gozag
Hepliaklqana
Kikubaaqudgha
Makhleb
Nemelex Xobeh
Okawaru
Qazlal
Ru
Sif Muna
Trog
Uskayaw
Vehumet
Wu Jian
Xom
Yredelemnul
Zin
The Shining One

Shops:
D:5 [

Annotations:
D:3 3 runed translucent doors, ouz's ghost, weakling OpFi
D:5 exclusions: downstairs and 1 more exclusion
D:7 Jeremiah


Innate Abilities, Weirdness & Mutations

You are something dangerously unstable.
You glow with magical radiation, making you easy to see and hit.
Foes you strike become dangerously contaminated with magical radiation.
You have sharp claws.
You have razor-sharp teeth.
You have supernaturally acute eyesight. (SInv)
You cover ground quickly. (Speed+)
You are covered in thick fur. (AC +2)
Your paws help you pounce on unaware monsters.
You are incapable of wielding weapons or throwing items.
You cannot wear armour.
You gain extra lives every three experience levels.


Message History

You kill the orc!
Trog accepts your kill.
Your Unarmed Combat skill increases to level 8!
You closely miss the orc. The orc hits you with a +0 club.
You scratch the orc.
The orc begins to glow.
You bite the orc.
You kill the orc!
Trog accepts your kill. Jeremiah completely misses you.
Items here: ))))) [[[ †.
You miss the butterfly.
Jeremiah hits you with a +2 trident of draining.
You feel drained.
You scratch Jeremiah but do no damage.
Jeremiah begins to glow.
You scratch Jeremiah.
Jeremiah glows dangerously bright.
Your bite misses Jeremiah.
Jeremiah is lightly wounded.
Jeremiah completely misses you.
You scratch Jeremiah.
Jeremiah shudders as magic cascades through them!!
Jeremiah twists and deforms.
Jeremiah is severely wounded.
You scratch Jeremiah.
Jeremiah begins to glow.
You bite Jeremiah.
Jeremiah is severely wounded.
You are no longer berserk.
You are exhausted.
You feel yourself slow down.
Jeremiah yawns.
Jeremiah completely misses you.
You claw Jeremiah!
Jeremiah glows dangerously bright.
Jeremiah is almost dead.
Jeremiah completely misses you.
You completely miss Jeremiah.
Jeremiah is almost dead.
The butterfly disappears in a burst of colours!
Jeremiah mumbles a slurred invocation.
Something smites you!
* * * LOW HITPOINT WARNING * * *
Jeremiah hits you with a +2 trident of draining!
You die...
Jeremiah wails, "I didn't mean to kill anyone!
I'm not a murderer!"

#.#.###.#####....o....##
#.#†###........#.......##
#..#.)###.......#.oF......
##.###......##...##.#......
#.......#######bb..........
............b.....bb)......
###.......##b#bb>..........
#.......#bbFb###.........
########..p### #..#####..
####...b[)#)# ....# .
#....######.## ....#
####.#####......# ...##
#....##.........# .##
#.......##......#
#...#######......# ####
#..[...# #......#


You could see Jeremiah (heavy contam, misshapen).

Vanquished Creatures
  Joseph (D:7)
  Sigmund (D:2)
  A yak (D:8)
  Menkaure (D:5)
  2 ice beasts
  A sky beast (D:7)
  3 black bears
  4 ogres
  3 centaurs
  2 bullfrogs (D:8)
  2 scorpions
  4 wights (D:5)
  A killer bee (D:7)
  2 howler monkeys
  An orc priest (D:3)
  3 hounds
  2 jellies
  A gnoll bouda (D:3)
  2 sleepcaps
  3 iguanas
  4 orc wizards
  12 gnolls (D:3)
  5 adders
  A shadow imp (D:8)
  An ufetubus (D:5)
  2 worms
  2 dart slugs
  38 orcs
  6 bats
  5 endoplasms
  5 giant cockroaches
  7 goblins
  7 hobgoblins
  14 jackals
  13 quokkas
  4 ball pythons
  3 frilled lizards
  10 kobolds
  4 rats
183 creatures vanquished.

Notes
Turn   | Place    | Note
-------+----------+-------------------------------------------
     0 | D:1      | Gladio the Felid Shapeshifter began the quest for the Orb.
     0 | D:1      | Reached XP level 1. HP: 9/9 MP: 2/2
   173 | D:1      | Reached XP level 2. HP: 12/12 MP: 3/3
   966 | D:2      | Reached XP level 3. HP: 16/16 MP: 4/4
  1045 | D:2      | Noticed Sigmund
  1054 | D:2      | Killed Sigmund
  1055 | D:2      | Reached XP level 4. HP: 20/21 MP: 5/5
  1055 | D:2      | Reached XP level 5. HP: 23/24 MP: 6/6
  1258 | D:2      | Found a glowing golden altar of the Shining One.
  2083 | D:3      | Found a shadowy altar of Dithmenos.
  2091 | D:3      | Slain by a sleepcap
  2117 | D:3      | Gained mutation: You are covered in thick fur. (AC +2)
                  | [Felid growth]
  2117 | D:3      | Reached XP level 6. HP: 28/28 MP: 7/7
  2279 | D:3      | Found a runed translucent gate.
  2280 | D:3      | Found a runed translucent gate.
  2280 | D:3      | Identified the +0 scale mail of Impermeability {Harm rPois
                  | Dex-2 Slay+2}
  2281 | D:3      | Found a runed translucent gate.
  2283 | D:3      | Noticed ouz's ghost (weakling OpFi)
  3116 | D:3      | Identified the +3 ring mail of Pathos {Str+2}
  3363 | D:3      | Slain by an ogre
  3378 | D:3      | Reached skill level 5 in Unarmed Combat
  3378 | D:3      | Reached skill level 5 in Shapeshifting
  3378 | D:3      | Reached XP level 7. HP: 29/32 MP: 8/8
  3930 | D:4      | Reached skill level 5 in Dodging
  3989 | D:4      | Identified the +1 leather armour of Macaroni {Will+ Dex+3}
  4327 | D:4      | Reached XP level 8. HP: 36/36 MP: 9/9
  4336 | D:4      | Found a staircase to the Ecumenical Temple.
  4345 | Temple   | Entered the Ecumenical Temple
  4480 | Temple   | Became a worshipper of Trog the Wrathful
  4582 | D:4      | Found a broken altar of Ashenzari.
  4821 | D:5      | Entered Level 5 of the Dungeon
  4821 | D:5      | Found Ywic's Armour Shop.
  4876 | D:5      | Found a snail-covered altar of Cheibriados.
  4978 | D:5      | Reached skill level 5 in Fighting
  5020 | D:5      | Found a shimmering blue altar of Sif Muna.
  5024 | D:5      | Found a glowing golden altar of the Shining One.
  5030 | D:5      | Found a white marble altar of Elyvilon.
  5032 | D:5      | Found an ancient bone altar of Kikubaaqudgha.
  5428 | D:5      | Noticed Menkaure
  5441 | D:5      | Killed Menkaure
  5746 | D:6      | Reached XP level 9. HP: 21/41 MP: 10/10
  5950 | D:6      | Found a sacrificial altar of Ru.
  6206 | D:6      | Reached * piety under Trog
  6422 | D:7      | Noticed Joseph
  6431 | D:7      | Slain by Joseph
  6453 | D:7      | Killed Joseph
  6550 | D:7      | Noticed Jeremiah
  6669 | D:8      | Noticed a troll
  6725 | D:7      | Slain by Jeremiah

Illustrated notes

Levels and vault maps discovered:
D:1:      psy_arrival_whirlpool, layout_basic
D:2:      wad_woods_stonehenge, layout_loops_corners, uniq_sigmund
D:3:      lemuel_castle_with_subvaults [lemuel_castle_interior_carwin_3],
          layout_basic, nicolae_dithmenos_the_darkroom,
          biasface_ghost_orc_armoury
D:4:      layout_cave_pools, mainiacjoe_overflow_alcove_1, temple_hall,
          serial_glass, glass_columns_a, glass_columns_a, glass_columns_b,
          glass_columns_b
D:5:      layout_loops_ring, lemuel_crystal_altar,
          nicolae_overflow_macrodata_refinement, serial_shops,
          nicolae_shop_gibbet_a_chance, nrook_mini_backslash, uniq_menkaure
D:6:      layout_loops_ring, nicolae_ru_path_of_blood
D:7:      layout_rooms, uniq_joseph, uniq_jeremiah, uniq_crazy_yiuf_cottage
D:8:      layout_rooms, grunt_lair_entry_orc_guard_hut, enter_bailey_3
Temple:   oiseaux_autumnal_temple

Skill      XL: |  1  2  3  4  5  6  7  8  9 |
---------------+----------------------------+-----
Dodging        | 3 4 5 6 7 |  7.3
Fighting       | 3 4 6 7 |  7.4
Unarmed Combat | 4 5 7 8 |  8.0
Shapeshifting  | 4 5 7 8 |  8.0

Action                     |  1- 3 |  4- 6 |  7- 9 || total
---------------------------+-------+-------+-------++-------
  Melee: Unarmed           |    70 |   174 |   267 ||   511
         Bite              |     3 |    27 |    42 ||    72
         Punch             |     2 |     5 |     8 ||    15
 Invoke: Berserk           |       |       |     1 ||     1
  Evoke: Wand              |       |       |     3 ||     3
    Use: Potion            |     1 |     1 |     3 ||     5
         Scroll            |       |     1 |     7 ||     8
   Stab: Sleeping          |     2 |     2 |       ||     4
         Distracted        |       |       |     1 ||     1
 Armour: Skin              |    25 |    54 |   108 ||   187
  Dodge: Dodged            |    42 |   158 |   236 ||   436
   Form: Flux              |       |       |     1 ||     1

Table legend: (Time is in decaauts)
 A = Elapsed time spent in this place.
 B = Non-inter-level travel time spent in this place.
 C = Inter-level travel time spent in this place.
 D = Time resting spent in this place.
 E = Time spent auto-exploring this place.
 F = Levels seen in this place.
 G = Mean time per level.
                   A        B        C        D        E       F      G
               +--------+--------+--------+--------+--------+-----+--------+
         Total |   5711 |   5249 |    462 |      1 |   3935 |   9 |  634.6 |
       Dungeon |   5539 |   5243 |    296 |      1 |   3935 |   8 |  692.4 |
        Temple |    171 |      6 |    165 |      0 |      0 |   1 |  171.0 |
               +--------+--------+--------+--------+--------+-----+--------+

Top non-repeatable levels by time:
     D:3: 1387 daAuts
     D:2: 1296 daAuts
     D:1: 695 daAuts
     D:4: 640 daAuts
     D:6: 625 daAuts
     D:5: 601 daAuts
     D:7: 221 daAuts
  Temple: 171 daAuts
     D:8: 71 daAuts
